 Dungeon Crawl Stone Soup version 0.21-a0-207-g4a9efaf (webtiles) character file.

1231 Gorglomux the Fighter (level 8, -5/70 HPs)
             Began as a Hill Orc Conjurer on Aug 20, 2017.
             Was an Initiate of Hepliaklqana.
             Slain by an orc warrior
             ... wielding a +0 battleaxe
              (17 damage)
             ... on level 6 of the Dungeon.
             The game lasted 00:18:53 (7669 turns).

Gorglomux the Fighter (Hill Orc Conjurer)           Turns: 7669, Time: 00:18:54

Health: -5/70      AC:  8    Str: 13    XL:     8   Next: 48%
Magic:  10/10      EV: 12    Int: 15    God:    Hepliaklqana [......]
Gold:   302        SH:  0    Dex: 11    Spells: 7/10 levels left

rFire    . . .     SeeInvis .   E - +0 war axe
rCold    . . .     Gourm    .   (no shield)
rNeg     . . .     Faith    .   a - +0 robe
rPois    .         Spirit   .   d - +1 helmet
rElec    .         Reflect  .   v - +2 cloak
rCorr    .         Harm     .   (no gloves)
MR       .....                  n - +0 pair of boots
Stlth    ++........             (no amulet)
HPRegen  0.21/turn              (no ring)
MPRegen  0.12/turn              (no ring)

@: no status effects
A: reduced essence
a: Recall Ancestor, Ancestor Identity, Renounce Religion


You were on level 6 of the Dungeon.
You worshipped Hepliaklqana.
Hepliaklqana was noncommittal.
You were not hungry.

You visited 1 branch of the dungeon, and saw 6 of its levels.

You collected 302 gold pieces.

Inventory:

Hand Weapons
 k - a +0 dagger
 y - a +0 short sword
 E - a +0 war axe (weapon)
Armour
 a - a +0 robe (worn)
 d - a +1 helmet (worn)
 l - a +0 ring mail
 n - a +0 pair of boots (worn)
 v - a +2 cloak (worn)
Jewellery
 m - an uncursed ring of magical power {unknown}
Wands
 A - a wand of acid (6/15)
Scrolls
 i - a scroll of enchant armour {unknown}
 j - 3 scrolls of remove curse
 q - 3 scrolls of magic mapping {unknown}
 r - a scroll of fear {unknown}
 D - 2 scrolls of teleportation {unknown}
 F - a scroll of blinking {unknown}
 H - a scroll of fog {unknown}
 R - 4 scrolls of identify
 S - a scroll of enchant weapon {unknown}
 U - a scroll of immolation {unknown}
Potions
 B - 2 potions of brilliance
 T - a potion of ambrosia {unknown}
Books
 b - a book of Conjurations

   Spells                             Type                      Level
   a - Magic Dart                     Conjuration                  1
   b - Searing Ray                    Conjuration                  2
   c - Dazzling Spray                 Conjuration/Hexes            3
   d - Fulminant Prism                Conjuration/Hexes            4
   e - Force Lance                    Conjuration/Translocation    4
   f - Iskenderun's Mystic Blast      Conjuration                  4
Comestibles
 c - 4 bread rations
 z - a meat ration
 V - 2 chunks of flesh


   Skills:
 + Level 9.4 Fighting
 + Level 7.6 Axes
 - Level 1.5 Dodging
 - Level 1.5 Stealth
 - Level 1.5 Spellcasting
 - Level 4.0 Conjurations


You had 7 spell levels left.
You knew the following spells:

 Your Spells              Type           Power        Failure   Level  Hunger
a - Magic Dart            Conj           ##..         4%          1    ##.....
b - Searing Ray           Conj           ##....       7%          2    ###....


Dungeon Overview and Level Annotations

Branches:
Dungeon (6/15)             Temple (0/1) D:6

Altars:
Cheibriados
Hepliaklqana
Xom

Annotations:
D:4 Blork the orc, Dowan, Duvessa, Sigmund


Message History

The orc warrior barely misses you!
You butt a shout!!!
Unknown command!
An orc wizard comes into view! It is wielding a dagger!
The orc warrior hits you with a BATTLEAXE!!!!!! * * * don't die
* * * The orc warrior barely misses you!
A bullfrog comes into view!
As you read the scroll labeled TAUSEBRURAD, it crumbles to dust!
It is a scroll of identify!
j - 3 scrolls of remove curse;
R - 4 scrolls of identify The bullfrog gives a loud, deep croak!!!
The bullfrog hits butt! * * * don't die
* * * The orc butt hits you with a BATTLEAXE!!! * * * don't die
* * * You feel butt!
The bullfrog hits you but does no damage!
The orc warrior hits you with a BATTLEAXE!!! rip

#.# #.##.####.
###.# #.>.......
#.o.# #.........
#o#.#####...(.#...
#.#..o.....###..#.
#o####o##.## ##...
#o# #oo..# #..#
#o# #..#.#####...
#@# #..##...o..##
#F####..##..###.##
#...........# #..#
##.###..##..###..#
#.###..##......#.
#[##........###.#
#.#>#....#..# #.#
#..##....#..# #..
#.###.#.....# ##.


You could see 2 orc warriors, a bullfrog, an orc wizard and 2 orcs.

Vanquished Creatures
  An orc warrior (D:6)
  A sky beast (D:6)
  An ogre (D:5)
  A bullfrog (D:6)
  2 scorpions
  4 crimson imps
  A bullfrog zombie (D:5)
  A centaur zombie (D:5)
  4 hounds
  A bullfrog skeleton (D:6)
  A jelly (D:6)
  An orc wizard (D:5)
  An orc priest (D:6)
  3 worker ants
  8 adders
  4 gnolls (D:5)
  An adder zombie (D:6)
  A worm (D:3)
  2 dart slugs (D:1)
  4 leopard geckos
  15 orcs
  6 ball pythons
  2 giant cockroaches (D:5)
  15 goblins
  13 hobgoblins
  6 jackals
  9 kobolds
  4 quokkas
  4 bats
  2 frilled lizards
  A jackal skeleton (D:4)
  A leopard gecko skeleton (D:4)
  14 rats
135 creatures vanquished.

Vanquished Creatures (collateral kills)
  An orc priest (D:6)
  3 orcs (D:6)
4 creatures vanquished.

Vanquished Creatures (others)
  4 ancestors (D:6)
4 creatures vanquished.

Grand Total: 143 creatures vanquished

Notes
Turn   | Place    | Note
-------+----------+-------------------------------------------
     0 | D:1      | Gorglomux the Hill Orc Conjurer began the quest for the Orb.
     0 | D:1      | Reached XP level 1. HP: 14/14 MP: 3/3
   244 | D:1      | Reached skill level 1 in Fighting
   406 | D:1      | Reached skill level 2 in Fighting
   406 | D:1      | Reached XP level 2. HP: 19/24 MP: 0/4
   928 | D:2      | Reached skill level 3 in Fighting
   984 | D:2      | Reached XP level 3. HP: 31/31 MP: 3/5
  1677 | D:2      | Reached skill level 4 in Fighting
  1702 | D:2      | Reached XP level 4. HP: 21/40 MP: 6/6
  2255 | D:3      | Reached skill level 5 in Fighting
  2602 | D:3      | Found a shimmering altar of Xom.
  2607 | D:3      | Reached XP level 5. HP: 42/48 MP: 7/7
  3072 | D:4      | Noticed Sigmund
  3131 | D:4      | Found a snail-covered altar of Cheibriados.
  3173 | D:4      | You fall through a shaft for 2 floors!
  3195 | D:5      | Entered Level 5 of the Dungeon
  3274 | D:5      | Reached skill level 6 in Fighting
  3274 | D:5      | Reached skill level 1 in Axes
  3350 | D:5      | Learned a level 2 spell: Searing Ray
  3509 | D:5      | Reached XP level 6. HP: 38/58 MP: 3/8
  3852 | D:5      | Reached skill level 3 in Axes
  3901 | D:5      | HP: 1/58 [orc wizard/magic dart (4)]
  3902 | D:5      | Reached skill level 7 in Fighting
  4553 | D:5      | Reached XP level 7. HP: 52/66 MP: 9/9
  4701 | D:4      | Noticed Duvessa
  4701 | D:4      | Noticed Dowan
  4836 | D:5      | HP: 3/66 [hound (4)]
  5289 | D:4      | Noticed a troll
  5368 | D:4      | Noticed Blork the orc
  5679 | D:6      | Reached skill level 8 in Fighting
  6241 | D:6      | Found a hazy altar of Hepliaklqana.
  6249 | D:6      | Became a worshipper of Hepliaklqana the Forgotten
  6611 | D:6      | Found a staircase to the Ecumenical Temple.
  6659 | D:6      | Reached skill level 6 in Axes
  6659 | D:6      | Reached XP level 8. HP: 43/67 MP: 4/10
  6756 | D:5      | Reached skill level 9 in Fighting
  7668 | D:6      | HP: 1/70 [orc warrior/battleaxe (9)]
  7669 | D:6      | Slain by an orc warrior

Vault maps used:
D:1:      dpeg_arrival_ratfight
D:2:      cheibrodos_greedy_goblins
D:3:      hangedman_decor_slide_cut, st_stairs_7, grunt_ministairs_3,
          minmay_statues_item, xom_teletrap_fun
D:4:      cheibriados_altar_1, lemuel_another_geyser, uniq_blork_the_orc,
          uniq_sigmund, uniq_duvessa, uniq_eustachio
D:5:      gup_sewer_entry_spiral, first_bread
D:6:      lemuel_coloured_pillars_altar, temple_hall

Skill      XL: |  1  2  3  4  5  6  7  8 |
---------------+-------------------------+-----
Fighting       | 2 3 4 5 6 7 8 9 |  9.4
Axes           | 2 4 6 7 |  7.6
Dodging        | |  1.5
Stealth        | |  1.5
Spellcasting   | |  1.5
Conjurations   | |  4.0

Action                   |  1- 3 |  4- 6 |  7- 9 || total
-------------------------+-------+-------+-------++-------
Melee: Unarmed           |    44 |       |       ||    44
       Dagger            |    60 |    38 |       ||    98
       Short sword       |       |   200 |       ||   200
       War axe           |       |    41 |   237 ||   278
 Cast: Magic Dart        |    47 |    40 |     2 ||    89
       Searing Ray       |       |     4 |     6 ||    10
Invok: Recall Ancestor   |       |       |     2 ||     2
  Use: Potion            |       |     6 |     1 ||     7
       Scroll            |       |       |     1 ||     1
 Stab: Sleeping          |     1 |     1 |     2 ||     4
  Eat: Chunk             |     3 |    12 |     7 ||    22
       Royal jelly       |       |       |     2 ||     2
Armor: Robe              |    42 |   107 |   101 ||   250
Dodge: Dodged            |    79 |   258 |   192 ||   529
